 Dungeon Crawl Stone Soup version 0.28-a0-1382-g92835e5c71 (webtiles) character file.

Game seed: 13786871898598398125

3197 funkygono the Thaumaturge (level 9, -2/49 HPs)
             Began as a Deep Elf Fire Elementalist on Jan 1, 2022.
             Was a Follower of Vehumet.
             Killed from afar by a swamp worm (12 damage)
             ... with a harpoon shot
             ... on level 8 of the Dungeon.
             The game lasted 00:19:33 (7813 turns).

funkygono the Thaumaturge (DEFE)                    Turns: 7813, Time: 00:19:34

Health: -2/49      AC:  4    Str: 15    XL:     9   Next: 64%
Magic:  24/25      EV: 14    Int: 26    God:    Vehumet [*.....]
Gold:   336        SH:  0    Dex: 18    Spells: 18/29 levels left

rFire   . . .      SeeInvis .   z - +5 rapier "Micwyna" {freeze, Str+3 Dex+3}
rCold   . . .      Faith    .   (no shield)
rNeg    . . .      Spirit   .   a - +1 robe
rPois   .          Reflect  .   (no helmet)
rElec   .          Harm     .   x - +0 cloak of the Land of Plenty {rF- Will+ Str+5 Int+3}
rCorr   .          Rampage  .   (no gloves)
Will    +....                   (no boots)
Stlth   +.........              q - amulet of magic regeneration
HPRegen 0.16/turn               l - +4 ring of slaying
MPRegen 0.59/turn               f - ring of protection from fire

@: very slow
A: no striking features
a: Renounce Religion


You were on level 8 of the Dungeon.
You worshipped Vehumet.
Vehumet was aware of your devotion.
You visited 2 branches of the dungeon, and saw 9 of its levels.
You also visited: Ossuary.

You collected 336 gold pieces.

Inventory:

Hand Weapons
 b - a +1 spectral dagger
 z - the +5 rapier "Micwyna" (weapon) {freeze, Str+3 Dex+3}
   (You acquired it on level 7 of the Dungeon)

   It freezes those it strikes, dealing additional cold damage.
   It can also slow down cold-blooded creatures.
   Str:       It affects your strength (+3).
   Dex:       It affects your dexterity (+3).
Missiles
 c - 98 stones
 k - a throwing net
Armour
 a - a +1 robe (worn)
 n - a +0 leather armour
 t - a +1 cloak of stealth
 x - the +0 cloak of the Land of Plenty (worn) {rF- Will+ Str+5 Int+3}
   (You found it on level 7 of the Dungeon)

   Str:       It affects your strength (+5).
   Int:       It affects your intelligence (+3).
   rF:        It makes you vulnerable to fire.
   Will:      It increases your willpower.
 y - an orb of mayhem
Jewellery
 f - a ring of protection from fire (right hand)
 l - a +4 ring of slaying (left hand)
 m - a ring of poison resistance
 q - an amulet of magic regeneration (around neck)
 u - a ring of ice
Wands
 o - a wand of flame (9)
 E - a wand of paralysis (12)
Scrolls
 j - 3 scrolls of enchant armour
 s - 6 scrolls of teleportation
 v - a scroll of fear
 D - a scroll of summoning {unknown}
Potions
 d - 3 potions of brilliance
 e - 3 potions of magic {unknown}
 g - 3 potions of curing
 h - 2 potions of cancellation {unknown}
 i - 3 potions of haste {unknown}
 p - 5 potions of mutation {unknown}
 r - 2 potions of attraction {unknown}
 w - 4 potions of invisibility
 A - a potion of resistance {unknown}
 B - a potion of heal wounds {unknown}
 C - a potion of ambrosia {unknown}


   Skills:
 + Level 2.7 Fighting
 + Level 3.4(4.1) Short Blades
 + Level 3.1(3.8) Long Blades
 + Level 2.6 Armour
 + Level 4.9 Dodging
 - Level 2.4 Stealth
 + Level 1.1 Shields
 * Level 10.9 Spellcasting
 * Level 6.8 Conjurations
 + Level 2.0 Hexes
 + Level 1.5 Summonings
 + Level 1.8 Necromancy
 + Level 1.5 Translocations
 + Level 1.7 Transmutations
 * Level 9.3 Fire Magic
 + Level 1.5 Ice Magic
 + Level 1.4 Air Magic
 + Level 1.5 Earth Magic
 + Level 1.5 Poison Magic
 + Level 1.5 Invocations
 + Level 1.5 Evocations


You had 18 spell levels left.
You knew the following spells:

 Your Spells              Type           Power      Damage    Failure   Level
a - Foxfire               Conj/Fire      100%       2x1d9     1%          1
b - Scorch                Fire           100%       2d10      1%          2
c - Conjure Flame         Conj/Fire      54%        6-21      1%          3
d - Flame Wave            Conj/Fire      54%        2d9       1%          4
e - Shock                 Conj/Air       100%       1d9       1%          1

Your spell library contained the following spells:

 Spells                   Type           Power      Damage    Failure   Level
 Animate Skeleton         Necr           46%        N/A       1%          1
 Inner Flame              Hex/Fire       43%        N/A       1%          3
 Apportation              Tloc           44%        N/A       2%          1
 Summon Small Mammal      Summ           88%        N/A       2%          1
 Gell's Gravitas          Tloc           22%        N/A       6%          3
 Teleport Other           Tloc           22%        N/A       6%          3
 Dispersal                Tloc           11%        N/A       97%         6
 Summon Cactus Giant      Summ           11%        N/A       97%         6


Dungeon Overview and Level Annotations

Branches:
Dungeon (8/15)             Temple (1/1) D:6         Ossuary (visited)
   Lair: D:8-11

Altars:
Ashenzari
Cheibriados
Dithmenos
Elyvilon
Fedhas
Gozag
Hepliaklqana
Kikubaaqudgha
Makhleb
Nemelex Xobeh
Okawaru
Qazlal
Ru
Sif Muna
Trog
Uskayaw
Vehumet
Wu Jian
Xom
Zin
The Shining One

Shops:
D:8 (

Annotations:
D:8 exclusion: ice statue


Message History

Casting: Foxfire (safe; 1% risk of failure)
Confirm with . or Enter, or press ? or * to list all spells.
You conjure some foxfire!
Something bites the plant!!
Unknown command.
Casting: Foxfire (safe; 1% risk of failure)
Confirm with . or Enter, or press ? or * to list all spells.
You conjure some foxfire!
The swamp worm bites the plant.
A swamp worm comes into view.
Something bites the plant!
Unknown command.
Casting: Foxfire (safe; 1% risk of failure)
Confirm with . or Enter, or press ? or * to list all spells.
You conjure some foxfire!
A nearby plant withers and dies.
Unknown command.
Casting: Foxfire (safe; 1% risk of failure)
Confirm with . or Enter, or press ? or * to list all spells.
You conjure some foxfire!
The swamp worm bites the plant!!
The plant begins to die.
The swamp worm bites the plant!!
Unknown command.
Casting: Foxfire (safe; 1% risk of failure)
Confirm with . or Enter, or press ? or * to list all spells.
You conjure some foxfire!
The swamp worm bites the plant!
Unknown command.
Casting: Foxfire (safe; 1% risk of failure)
Confirm with . or Enter, or press ? or * to list all spells.
You conjure some foxfire!
The swamp worm bites the plant!
Unknown command.
The swamp worm bites the plant.
The plant begins to die.
You enter the shallow water.
Moving in this stuff is going to be slow.
Found a robe.
A nearby plant withers and dies.
The swamp worm bites you! The swamp worm closely misses you.
The swamp worm bites you!!
* * * LOW HITPOINT WARNING * * *
The swamp worm bites the plant!!
The plant begins to die.
You feel better.
A nearby plant withers and dies.
The swamp worm bites you!
* * * LOW HITPOINT WARNING * * *
The swamp worm fires a harpoon shot at you.
The harpoon shot hits you!
You die...

##### #######.#
#.#.#.# # #.......##
#.#.#.# #
#.#####(.###.#.#.# #
#.####≈≈≈≈≈#.#.#.# #
#....≈≈≈≈≈≈≈.#.#.#
#.#≈≈≈≈###≈≈≈≈.#.#
#.≈≈≈###≈###≈≈≈..###
#.≈w≈#≈≈≈≈≈##≈≈#...[
##≈@≈w:≈≈[≈ #≈≈.....
#≈wP#≈≈≈≈≈ #≈≈#....
#≈≈≈###≈###≈≈≈#....
##≈≈≈ #≈≈≈≈######
###≈≈ ≈≈≈### .≈≈ ≈≈.
.##### ..


You could see 3 swamp worms.

Vanquished Creatures
  Pikel (D:4)
  Edmund (D:4)
  A water moccasin (D:7)
  2 orc warriors (D:6)
  An ice beast (D:6)
  An ogre (D:5)
  2 centaurs
  A necrophage (D:6)
  A kobold brigand (D:7)
  2 lemures (D:4)
  4 bullfrogs
  2 water moccasin zombies
  A scorpion (D:6)
  A wyvern skeleton (D:5)
  6 killer bees (D:8)
  2 bullfrog zombies (D:5)
  5 hounds
  2 centaur skeletons (D:7)
  A human zombie (Ossuary)
  5 orc priests
  2 bullfrog skeletons (D:6)
  4 orc wizards
  Ijyb (D:3)
  2 iguanas (D:7)
  A killer bee zombie (D:7)
  6 mummies (Ossuary)
  A howler monkey zombie (D:5)
  7 adders
  2 white imps (D:6)
  2 worms (D:3)
  A dart slug (D:2)
  18 orcs
  3 bats
  8 endoplasms
  3 giant cockroaches
  A gnoll zombie (Ossuary)
  2 hobgoblins
  4 jackals
  A quokka (D:1)
  3 ball pythons
  4 frilled lizards
  9 goblins
  2 goblin zombies (Ossuary)
  9 kobolds
  3 kobold zombies (Ossuary)
  An orc zombie (Ossuary)
  6 rats
  A spectral hobgoblin (D:3)
149 creatures vanquished.

Vanquished Creatures (collateral kills)
  20 foxfires (D:8)
20 creatures vanquished.

Vanquished Creatures (others)
  499 foxfires
  8 plants
507 creatures vanquished.

Grand Total: 676 creatures vanquished

Notes
Turn   | Place    | Note
-------+----------+-------------------------------------------
     0 | D:1      | funkygono the Deep Elf Fire Elementalist began the quest
                  | for the Orb.
     0 | D:1      | Reached XP level 1. HP: 10/10 MP: 6/6
   252 | D:1      | Reached XP level 2. HP: 9/15 MP: 5/8
   255 | D:1      | Learned a level 2 spell: Scorch
  1018 | D:2      | Reached XP level 3. HP: 19/19 MP: 2/9
  1665 | D:2      | Reached skill level 6 in Spellcasting
  1665 | D:2      | Reached skill level 5 in Conjurations
  1665 | D:2      | Reached XP level 4. HP: 26/26 MP: 9/14
  1666 | D:2      | Reached skill level 1 in Shields
  1666 | D:2      | Reached skill level 8 in Spellcasting
  1666 | D:2      | Reached skill level 1 in Summonings
  1666 | D:2      | Reached skill level 1 in Necromancy
  1666 | D:2      | Reached skill level 1 in Translocations
  1666 | D:2      | Reached skill level 1 in Transmutations
  1666 | D:2      | Reached skill level 1 in Ice Magic
  1666 | D:2      | Reached skill level 1 in Air Magic
  1666 | D:2      | Reached skill level 1 in Earth Magic
  1666 | D:2      | Reached skill level 1 in Poison Magic
  1666 | D:2      | Reached skill level 1 in Invocations
  1666 | D:2      | Reached skill level 1 in Evocations
  1666 | D:2      | Reached XP level 5. HP: 31/31 MP: 9/17
  1722 | D:2      | Learned a level 3 spell: Conjure Flame
  1727 | D:2      | Learned a level 4 spell: Flame Wave
  1842 | D:3      | Noticed Ijyb
  1876 | D:3      | Killed Ijyb
  2244 | D:3      | Found a faded altar of an unknown god.
  2386 | D:3      | Reached XP level 6. HP: 36/36 MP: 16/19
  2649 | D:3      | Identified a scroll of acquirement
  2649 | D:3      | Acquired a +0 cloak of stealth
  2847 | D:4      | Noticed Pikel
  2893 | D:4      | Killed Pikel
  2894 | D:4      | Reached XP level 7. HP: 8/40 MP: 12/21
  3327 | D:4      | Noticed Edmund
  3339 | D:4      | Killed Edmund
  3672 | D:5      | Entered Level 5 of the Dungeon
  3675 | D:5      | Reached skill level 9 in Spellcasting
  3777 | D:5      | Reached XP level 8. HP: 45/45 MP: 19/23
  5512 | D:6      | Reached XP level 9. HP: 48/49 MP: 18/24
  5888 | D:6      | Found a staircase to the Ecumenical Temple.
  5901 | D:6      | Reached skill level 10 in Spellcasting
  5903 | Temple   | Entered the Ecumenical Temple
  5991 | Temple   | Became a worshipper of Vehumet
  6433 | D:7      | Identified the +0 cloak of the Land of Plenty {rF- Will+
                  | Str+5 Int+3}
  6691 | D:7      | Found a burning altar of Makhleb.
  7166 | D:7      | Acquired the +5 rapier "Micwyna" {freeze, Str+3 Dex+3}
  7191 | D:8      | Found Gamut's Weapon Boutique.
  7227 | D:8      | Noticed an ice statue
  7393 | D:8      | Found a sand-covered staircase.
  7442 | Ossuary  | Entered an ossuary
  7501 | Ossuary  | Reached * piety under Vehumet
  7501 | Ossuary  | Offered knowledge of Shock by Vehumet.
  7505 | Ossuary  | Learned a level 1 spell: Shock
  7762 | D:8      | Found a shimmering blue altar of Sif Muna.
  7813 | D:8      | Killed from afar by a swamp worm

Illustrated notes

Levels and vault maps discovered:
D:1:      dpeg_arrival_windows_large_door, layout_rooms, minivault_24,
          minmay_crystal_room
D:2:      layout_loops_ring, chequers_serial_rivers_micro_c
D:3:      layout_loops_ring, dreamdust_ecumenical_altar_drowned_temple,
          uniq_ijyb
D:4:      layout_loops_ring, grunt_ministairs_14, uniq_pikel, uniq_edmund
D:5:      layout_cave_pods
D:6:      layout_basic, minmay_temple_entry_gardened_gates
D:7:      layout_loops_ring, mainiacjoe_overflow_alcove_2
D:8:      layout_basic, nicolae_sif_muna_little_library, nzn_ghost_randoct,
          chequers_ossuary_entry_cave, serial_shops,
          nicolae_shop_bloodbath_and_beyond, worms_lemuel
Temple:   mainiacjoe_temple_bowtie_tessellation

Skill      XL: |  1  2  3  4  5  6  7  8  9 |
---------------+----------------------------+-----
Fire Magic     | 4 6 7 8 9 |  9.3
Conjurations   | 5 6 |  6.8
Fighting       | 2 |  2.7
Short Blades   | 2 3 |  3.4
Long Blades    | 2 3 |  3.1
Armour         | 2 |  2.6
Dodging        | 4 |  4.9
Spellcasting   | 6 8 9 10 | 10.9
Shields        | 1 |  1.1
Hexes          | 2 |  2.0
Summonings     | 1 |  1.5
Necromancy     | 1 |  1.8
Translocations | 1 |  1.5
Transmutations | 1 |  1.7
Ice Magic      | 1 |  1.5
Air Magic      | 1 |  1.4
Earth Magic    | 1 |  1.5
Poison Magic   | 1 |  1.5
Invocations    | 1 |  1.5
Evocations     | 1 |  1.5
Stealth        | |  2.4

Action                   |  1- 3 |  4- 6 |  7- 9 || total
-------------------------+-------+-------+-------++-------
 Cast: Foxfire           |    49 |    52 |   205 ||   306
       Scorch            |     8 |    18 |    55 ||    81
       Conjure Flame     |       |       |     2 ||     2
       Flame Wave        |       |       |     3 ||     3
  Use: Scroll            |     3 |     1 |    12 ||    16
       Potion            |     1 |     1 |     2 ||     4
Armor: Robe              |     1 |     2 |    13 ||    16
Dodge: Dodged            |     4 |     6 |    28 ||    38

Table legend: (Time is in decaauts)
 A = Elapsed time spent in this place.
 B = Non-inter-level travel time spent in this place.
 C = Inter-level travel time spent in this place.
 D = Time resting spent in this place.
 E = Time spent auto-exploring this place.
 F = Levels seen in this place.
 G = Mean time per level.
                   A        B        C        D        E       F      G
               +--------+--------+--------+--------+--------+-----+--------+
         Total |   7818 |   7638 |    180 |   1036 |   5326 |  10 |  781.8 |
       Dungeon |   7317 |   7166 |    151 |   1005 |   5147 |   8 |  914.6 |
        Temple |    229 |    200 |     29 |      0 |    179 |   1 |  229.0 |
       Ossuary |    270 |    270 |      0 |     31 |      0 |   1 |  270.0 |
               +--------+--------+--------+--------+--------+-----+--------+

Top non-repeatable levels by time:
     D:6: 1520 daAuts
     D:2: 1003 daAuts
     D:4: 995 daAuts
     D:5: 979 daAuts
     D:3: 931 daAuts
     D:7: 783 daAuts
     D:1: 742 daAuts
     D:8: 360 daAuts
 Ossuary: 270 daAuts
  Temple: 229 daAuts
